 Dungeon Crawl Stone Soup version 0.31-a0-702-gf82c85558f (webtiles) character file.

Game seed: 2303490992169922883

1164 qw the Skirmisher (level 8, -1/49 HPs)
             Began as a Gargoyle Hunter on Sept 8, 2023.
             Slain by a manticore (6 damage)
             ... on level 6 of the Dungeon.
             The game lasted 00:01:40 (3706 turns).

qw the Skirmisher (Gargoyle Hunter)                 Turns: 3706, Time: 00:01:41

Health: -1/49      AC: 13    Str: 16    XL:     8   Next: 40%
Magic:  8/8        EV: 11    Int:  9    God:
Gold:   738        SH:  0    Dex: 15    Spells: 7/7 levels left

rFire   . . .        Y - +1 orcbow (freeze)
rCold   . . .        (shield currently unavailable)
rNeg    + . .        d - +0 ring mail
rPois   inf          b - +0 helmet
rElec   +            o - +0 cloak
rCorr   .            (no gloves)
SInv    +            (no boots)
Will    .....        f - amulet of regeneration
Stlth   +            g - ring of see invisible
HPRegen 1.08/turn    (no ring)
MPRegen 0.11/turn

%: no passive effects
@: spiked
A: sickness immunity, AC +5, negative energy resistance 1, electricity
resistance, torment resistance 1, petrification resistance
a: no special abilities


You were on level 6 of the Dungeon.
You visited 2 branches of the dungeon, and saw 7 of its levels.
You also visited: Sewer.

You collected 893 gold pieces.
You spent 155 gold pieces at shops.


Innate Abilities, Weirdness & Mutations

You are immune to sickness and miasma.
Your stone body is resilient. (AC +5)
You are immune to poison.
You resist negative energy. (rN+)
You are resistant to electric shocks. (rElec)
You are resistant to unholy torment.
You are immune to petrification.


   Skills:
 + Level 5.0 Fighting
 - Level 9.1 Ranged Weapons
 - Level 2.0 Armour
 - Level 2.5 Dodging
 - Level 1.1 Stealth


You had 7 spell levels left.
You didn't know any spells.
Your spell library was empty.

Inventory:

Hand Weapons
 Y - a +1 orcbow of freezing (weapon)
Armour
 b - a +0 helmet (worn)
 d - a +0 ring mail (worn)
 o - a +0 cloak (worn)
Jewellery
 f - an amulet of regeneration (around neck)
 g - a ring of see invisible (left hand)
Scrolls
 j - a scroll of identify
Potions
 a - a potion of cancellation {unknown}
 c - a potion of heal wounds {unknown}
 e - a potion of attraction {unknown}
 h - a potion of curing {unknown}
 i - 6 potions of enlightenment
 k - a potion of magic {unknown}
 l - a potion of brilliance {unknown}
 q - a potion of mutation {unknown}
 r - a potion of haste {unknown}

Dungeon Overview and Level Annotations

Branches:
Dungeon (5/15)             Temple (1/1) D:4           Sewer (visited)

Altars:
Ashenzari
Elyvilon
Fedhas
Gozag
Hepliaklqana
Makhleb
Sif Muna
Trog
Vehumet
Xom
Yredelemnul
Zin
The Shining One

Shops:
D:3 [[=(   D:4 :


Message History

You kill the scorpion!
The phantom hits you.
The phantom blinks!
You blink.
The phantom hits you but does no damage.
You feel your strength returning.
You shoot an arrow. The arrow hits the phantom!
You destroy the phantom!
The manticore flicks its tail.
The volley of spikes hits you!
The barbed spikes become lodged in your body.
Your Ranged Weapons skill increases to level 9!
You shoot an arrow. The arrow hits the manticore.
The arrow freezes the manticore.
The manticore is lightly wounded.
You shoot an arrow. The arrow hits the manticore.
The arrow freezes the manticore.
The manticore is lightly wounded.
The manticore flicks its tail.
The volley of spikes hits you but does no damage.
You shoot an arrow.
The arrow completely misses the manticore.
You shoot an arrow. The arrow hits the manticore!
The arrow freezes the manticore.
The manticore is moderately wounded.
The manticore flicks its tail.
The volley of spikes hits you!
The barbed spikes become lodged in your body.
You shoot an arrow. The arrow hits the ogre.
The arrow freezes the ogre.
The ogre is lightly wounded.
You shoot an arrow. The arrow barely misses the ogre.
The arrow completely misses the manticore.
You shoot an arrow.
The arrow hits the manticore but does no damage.
The manticore is moderately wounded.
The manticore bites you!!
The manticore claws you but does no damage. x2
You shoot an arrow.
The arrow hits the manticore but does no damage.
The manticore is moderately wounded.
The manticore bites you.
You die...

#...##.##...#....#
##..~#.#.%.##.##.# ..
##.%#.#'.##..##.#
....###...###...##.#
).).).).8..........######
....###...###...#..%.....
.. +#O#+ ##......#####
#H# ##.##.## ##@## #.##.#
##...## #.##.#
###.....####.##.#
..............##.#
#............####.#
####..######## .#. #..
.... ####.


You could see a manticore and an ogre.

Vanquished Creatures
  Sigmund (D:3)
  An orc warrior (D:6)
  An ice beast (D:4)
  A sky beast (D:6)
  2 phantoms
  A scorpion (D:6)
  A howler monkey (D:5)
  2 hounds (D:6)
  An iguana (D:5)
  Terence (D:3)
  3 orc wizards
  A statue (D:3)
  3 gnolls (D:2)
  9 adders
  4 river rats (Sewer)
  2 worms (Sewer)
  4 dart slugs
  4 orcs
  6 endoplasms
  4 giant cockroaches
  5 goblins
  5 hobgoblins
  2 jackals (Sewer)
  11 kobolds
  5 quokkas
  17 ball pythons
  10 bats
  4 frilled lizards
  9 rats
  A spectral orc (D:4)
121 creatures vanquished.

Vanquished Creatures (others)
  An orc wizard (D:3)
1 creature vanquished.

Grand Total: 122 creatures vanquished

Notes
Turn   | Place    | Note
-------+----------+-------------------------------------------
     0 | D:1      | qw the Gargoyle Hunter began the quest for the Orb.
     0 | D:1      | Reached XP level 1. HP: 12/12 MP: 1/1
     0 | D:1      | 0 ||| qw: Version: 0.3-a-76-g4403597
     0 | D:1      | 0 ||| qw: Game counter: 1244
     0 | D:1      | 0 ||| qw: Melee chars always use a shield: true
     0 | D:1      | 0 ||| qw: God list: Okawaru
     0 | D:1      | 0 ||| qw: Allow faded altars: false
     0 | D:1      | 0 ||| qw: Do Orc after clearing Dungeon:15 true
     0 | D:1      | 0 ||| qw: Do second Lair branch before Depths: true
     0 | D:1      | 0 ||| qw: Lair rune preference: random
     0 | D:1      | 0 ||| qw: Goals: Normal
     0 | D:1      | 0 ||| PLANNING D:1-11
   218 | D:1      | Reached XP level 2. HP: 17/17 MP: 2/2
   550 | D:1      | Reached XP level 3. HP: 21/21 MP: 3/3
   806 | D:1      | 806 ||| UPGRADING to +0 ring mail.
   816 | D:1      | 816 ||| DROPPING +0 leather armour.
   817 | D:1      | 817 ||| READING scroll labelled EDITU LULOR.
   818 | D:1      | 818 ||| READING scroll labelled NUEM YTIKH.
   819 | D:1      | 819 ||| DROPPING scroll of butterflies.
   858 | D:2      | Identified the +2 dagger "Liasogg" {heavy, *Noise Str+2
                  | Int+2}
   880 | D:2      | Reached skill level 1 in Armour
   884 | D:2      | Reached skill level 5 in Ranged Weapons
  1076 | D:2      | Reached XP level 4. HP: 23/27 MP: 4/4
  1098 | D:2      | Reached skill level 3 in Fighting
  1392 | D:2      | 1392 ||| DROPPING ring of flight.
  1393 | D:2      | 1393 ||| UPGRADING to ring of see invisible.
  1394 | D:2      | 1394 ||| READING scroll labelled FAEZXU BUOTZ.
  1423 | D:3      | Found Qoyt's Jewellery Shop.
  1428 | D:3      | Found a white marble altar of Elyvilon.
  1431 | D:3      | 1431 ||| SHOPLISTING +4 ring of protection (468 gold, have
                  | 145).
  1431 | D:3      | 1431 ||| SHOPLISTING +5 ring of evasion (468 gold, have
                  | 145).
  1431 | D:3      | 1431 ||| SHOPLISTING ring of willpower (325 gold, have
                  | 145).
  1467 | D:3      | 1467 ||| Stepping ~*~*~tactically~*~*~ (outnumbered).
  1469 | D:3      | 1469 ||| Stepping ~*~*~tactically~*~*~ (outnumbered).
  1479 | D:3      | Reached XP level 5. HP: 26/32 MP: 5/5
  1524 | D:3      | 1524 ||| SWAPPING to +0 orcbow.
  1527 | D:3      | 1527 ||| DROPPING +1 shortbow.
  1627 | D:3      | 1627 ||| READING scroll of enchant weapon.
  1627 | D:3      | 1627 ||| ENCHANTING +0 orcbow.
  1633 | D:3      | Noticed Sigmund
  1639 | D:3      | Killed Sigmund
  1640 | D:3      | Reached skill level 7 in Ranged Weapons
  1640 | D:3      | Reached XP level 6. HP: 37/37 MP: 6/6
  1693 | D:3      | Found a glowing golden altar of the Shining One.
  1693 | D:3      | Found a shimmering blue altar of Sif Muna.
  1724 | D:3      | Found Netod's Weapon Shoppe.
  1798 | D:3      | Found Paceimpeiwk's Antique Armour Shop.
  1812 | D:3      | 1812 ||| SHOPLISTING glowing helmet (232 gold, have 155).
  1812 | D:3      | 1812 ||| BUYING glowing leather armour (155 gold).
  1812 | D:3      | Bought a glowing leather armour for 155 gold pieces
  1821 | D:3      | Found Sabrium's Antique Armour Emporium.
  1830 | D:3      | 1830 ||| SHOPLISTING runed scarf (208 gold, have 7).
  1841 | D:3      | Noticed Terence
  1849 | D:3      | Killed Terence
  2114 | D:3      | Found a radiant altar of Vehumet.
  2173 | D:3      | 2173 ||| DROPPING +0 leather armour of poison resistance.
  2174 | D:3      | 2174 ||| UPGRADING to +0 cloak.
  2179 | D:3      | 2179 ||| UPGRADING to amulet of regeneration.
  2184 | D:3      | 2184 ||| READING scroll labelled AWOSTOWYPYSASS.
  2185 | D:3      | 2185 ||| READING scroll labelled KAOGOST LATADI.
  2203 | D:4      | Found a staircase to the Ecumenical Temple.
  2204 | D:4      | 2204 ||| PLANNING SEWER
  2226 | D:4      | Found Guarizorew's Book Emporium.
  2226 | D:4      | Noticed a walking earthen tome
  2226 | D:4      | Noticed a walking divine tome
  2345 | D:4      | Reached XP level 7. HP: 44/44 MP: 7/7
  2403 | D:4      | Found a glowing silver altar of Zin.
  2689 | D:4      | Found a glowing drain.
  2690 | D:4      | 2690 ||| UPGRADING to +0 helmet.
  2695 | D:4      | 2695 ||| READING 3 scrolls labelled ELOIJOELISM.
  2696 | D:4      | 2696 ||| DRINKING 2 bubbling amethyst potions.
  2697 | D:4      | 2697 ||| DROPPING potion of degeneration.
  2698 | D:4      | 2698 ||| DROPPING 2 scrolls of vulnerability.
  2707 | Sewer    | Entered a sewer
  2948 | Sewer    | 2948 ||| Stepping ~*~*~tactically~*~*~ (water).
  3241 | Sewer    | 3241 ||| READING scroll labelled ZIEZE TAPRONAIM.
  3241 | Sewer    | Identified a scroll of acquirement
  3241 | Sewer    | 3241 ||| ACQUIRING 644 gold pieces
  3241 | Sewer    | Acquired 644 gold pieces
  3243 | Sewer    | 3243 ||| READING scroll labelled ZELLEDAMUU.
  3244 | Sewer    | 3244 ||| READING scroll labelled ZUSEPIAHUUTS.
  3245 | Sewer    | 3245 ||| READING scroll labelled GYLLOO US VYI.
  3290 | D:4      | 3290 ||| PLANNING TEMPLE
  3321 | Temple   | Entered the Ecumenical Temple
  3322 | Temple   | 3322 ||| PLANNING D:1-11
  3466 | D:4      | Found a basalt altar of Yredelemnul.
  3546 | D:5      | Entered Level 5 of the Dungeon
  3547 | D:5      | 3547 ||| STAIRDANCE
  3564 | D:5      | Reached skill level 8 in Ranged Weapons
  3577 | D:5      | You fall into a shaft and drop 1 floor!
  3650 | D:6      | Reached XP level 8. HP: 38/49 MP: 8/8
  3688 | D:6      | Noticed a manticore
  3699 | D:6      | Reached skill level 9 in Ranged Weapons
  3705 | D:6      | HP: 4/49 [manticore (20)]
  3706 | D:6      | Slain by a manticore

Levels and vault maps discovered:
D:1:      beargit_arrival_diablo_church, layout_basic
D:2:      layout_rooms, shapermc_ecumenical_altar_petra, patterned_corridor
D:3:      layout_loops_ring, mainiacjoe_overflow_catwalk, vehumet_statue,
          gammafunk_temple_overflow_elements, serial_forest,
          infiniplex_forest_pool, infiniplex_forest_lined_4_way,
          infiniplex_forest_clump_curved, infiniplex_forest_clump_small,
          infiniplex_forest_clump_small, infiniplex_forest_end_2,
          infiniplex_forest_corner_2, infiniplex_forest_clump_tiny,
          infiniplex_forest_straight_5, infiniplex_forest_straight_1,
          serial_shops, shop, shop_statue, shop,
          nicolae_shop_bloodbath_and_beyond, uniq_sigmund, uniq_terence
D:4:      layout_basic, yredelemnul_forgotten_temple_becter,
          mainiacjoe_overflow_paths, minmay_temple_entry_tees,
          portal_sewer_entry_b, serial_shops, nicolae_shop_mannequins
D:5:      layout_loops_ring, gammafunk_ghost_icy
D:6:      cheibrodos_barr_body, layout_loops_ring,
          nicolae_overflow_hidden_temple, kennysheep_mini_moat,
          mainiacjoe_overflow_cross_hatched, uniq_edmund
Temple:   nicolae_temple_little_seven

Skill      XL: |  1  2  3  4  5  6  7  8 |
---------------+-------------------------+-----
Armour         | 1 2 |  2.0
Ranged Weapons | 5 7 8 9 |  9.1
Fighting       | 3 4 5 |  5.0
Dodging        | 2 |  2.5
Stealth        | |  1.1

Action                     |  1- 3 |  4- 6 |  7- 9 || total
---------------------------+-------+-------+-------++-------
   Fire: Shortbow          |   105 |    43 |       ||   148
         Orcbow            |       |    51 |   217 ||   268
    Use: Scroll            |     2 |     4 |     5 ||    11
         Potion            |       |       |     1 ||     1
 Armour: Leather armour    |    17 |       |       ||    17
         Ring mail         |    23 |    17 |   147 ||   187
  Dodge: Dodged            |    40 |    25 |   133 ||   198

Table legend:
 A = Non-vault XP
 B = Vault XP
 C = Vault XP percentage of total XP
 D = Non-vault monster count
 E = Vault monster count
 F = Vault count percentage of total count
                 A         B        C        D         E       F
            +---------+---------+-------+---------+---------+-------
      Total |     846 |     817 |  49.1 |      80 |      42 |  34.4
            +---------+---------+-------+---------+---------+-------
        D:1 |      38 |       0 |   0.0 |      21 |       0 |   0.0
        D:2 |      80 |       0 |   0.0 |      19 |       0 |   0.0
        D:3 |      88 |     294 |  77.0 |      16 |       3 |  15.8
        D:4 |     288 |      14 |   4.6 |      15 |      10 |  40.0
        D:5 |      86 |       0 |   0.0 |       2 |       0 |   0.0
        D:6 |     266 |     359 |  57.4 |       7 |       4 |  36.4
      Sewer |       0 |     150 | 100.0 |       0 |      25 | 100.0
            +---------+---------+-------+---------+---------+-------
